 Dungeon Crawl Stone Soup version 0.31.0 (webtiles) character file.

Game seed: 10765160371143085362

46 qw the Shooter (level 3, -1/22 HPs)
             Began as a Gargoyle Hunter on Jan 20, 2024.
             Slain by Sigmund
             ... wielding a +3 scythe
              (3 damage)
             ... on level 3 of the Dungeon.
             The game lasted 00:00:05 (1365 turns).

qw the Shooter (Gargoyle Hunter)                    Turns: 1365, Time: 00:00:05

Health: -1/22      AC:  9    Str: 14    XL:     3   Next: 66%
Magic:  3/3        EV: 10    Int:  9    God:
Gold:   60         SH:  0    Dex: 15    Spells: 2/2 levels left

rFire   . . .        a - +1 shortbow (heavy)
rCold   . . .        (shield currently unavailable)
rNeg    + . .        f - +0 ring mail
rPois   inf          d - +0 helmet
rElec   +            (no cloak)
rCorr   .            (no gloves)
SInv    .            (no boots)
Will    .....        (no amulet)
Stlth   +            (no ring)
HPRegen 0.23/turn    (no ring)
MPRegen 0.08/turn

%: no passive effects
@: no status effects
A: sickness immunity, AC +3, negative energy resistance 1, electricity
resistance, torment resistance 1, petrification resistance
a: no special abilities


You were on level 3 of the Dungeon.
You visited 1 branch of the dungeon, and saw 3 of its levels.

You collected 60 gold pieces.


Innate Abilities, Weirdness & Mutations

You are immune to sickness and miasma.
Your stone body is resilient. (AC +3)
You are immune to poison.
You resist negative energy. (rN+)
You are resistant to electric shocks. (rElec)
You are resistant to unholy torment.
You are immune to petrification.


   Skills:
 + Level 2.3 Fighting
 - Level 5.0 Ranged Weapons
 - Level 1.1 Armour
 - Level 1.5 Dodging
 - Level 1.1 Stealth


You had 2 spell levels left.
You didn't know any spells.
Your spell library was empty.

Inventory:

Hand Weapons
 a - a +1 heavy shortbow (weapon)
Armour
 d - a +0 helmet (worn)
 f - a +0 ring mail (worn)
Jewellery
 c - a ring of ice
Potions
 g - a potion of attraction {unknown}

Dungeon Overview and Level Annotations

Branches:
Dungeon (3/15)

Altars:
Cheibriados
Ru

Annotations:
D:3 Sigmund


Message History

The frilled lizard is moderately wounded.
You shoot an arrow. The arrow hits the frilled lizard.
You kill the frilled lizard!
You now have 60 gold pieces (gained 14).
Found a snail-covered altar of Cheibriados.
Found a stone staircase leading down.
Sigmund the Dreaded comes into view.
He is wielding a +3 scythe.
You shoot an arrow. The arrow hits Sigmund.
Sigmund shouts!
Sigmund is lightly wounded.
You shoot an arrow. The arrow barely misses Sigmund.
Sigmund hits you from afar with a +3 scythe.
You shoot an arrow. The arrow hits Sigmund!
Sigmund is severely wounded.
You hear a shout!
Sigmund hits you from afar with a +3 scythe.
A goblin comes into view. It is wielding a +0 club.
You shoot an arrow. The arrow hits Sigmund!
Sigmund is almost dead.
Sigmund gestures at you while chanting. The puff of flame hits you!
Ouch! That really hurt!
You shoot an arrow. The arrow barely misses Sigmund.
Sigmund misses you. The goblin hits you but does no damage.
Sigmund hits you but does no damage.
You shoot an arrow. The arrow closely misses the goblin.
The goblin hits you but does no damage. The goblin misses you.
Sigmund closely misses you.
You shoot an arrow. The arrow closely misses the goblin.
The goblin hits you but does no damage.
Sigmund gestures wildly while chanting.
Sigmund flickers and vanishes!
Deactivating autopickup; reactivate with Ctrl-A.
The goblin barely misses you.
You shoot an arrow. The arrow closely misses the goblin.
Something hits you. The goblin completely misses you.
You shoot an arrow. The arrow hits the goblin.
You kill the goblin!
Something hits you. x2
You die...

### #.# 8.....8#.. #
#!.... #.##.###
8...8 #).{...# ##_#
#@# .# ######.# ...#
#.##.#.##.#.#
#...##.##.........#
#........##.#####
###########.##.>...#
............########
..########### ..#


There were no monsters in sight!

Vanquished Creatures
  An adder (D:2)
  A dart slug (D:2)
  An endoplasm (D:1)
  A giant cockroach (D:1)
  7 hobgoblins
  2 jackals (D:2)
  2 kobolds (D:1)
  9 ball pythons
  2 bats
  2 frilled lizards
  4 goblins
  3 rats
35 creatures vanquished.

Notes
Turn   | Place    | Note
-------+----------+-------------------------------------------
     0 | D:1      | qw the Gargoyle Hunter began the quest for the Orb.
     0 | D:1      | Reached XP level 1. HP: 12/12 MP: 1/1
     0 | D:1      | 0 ||| qw: Version: 0.3-a-132-g3d54051
     0 | D:1      | 0 ||| qw: Game counter: 497
     0 | D:1      | 0 ||| qw: Melee chars always use a shield: true
     0 | D:1      | 0 ||| qw: God list: Okawaru
     0 | D:1      | 0 ||| qw: Allow faded altars: false
     0 | D:1      | 0 ||| qw: Do Orc after clearing Dungeon:15 true
     0 | D:1      | 0 ||| qw: Do second Lair branch before Depths: true
     0 | D:1      | 0 ||| qw: Lair rune preference: random
     0 | D:1      | 0 ||| qw: Goals: Normal
     0 | D:1      | 0 ||| PLANNING D:1-11
    69 | D:1      | Reached XP level 2. HP: 17/17 MP: 2/2
   363 | D:1      | Found a faded altar of an unknown god.
   414 | D:1      | 414 ||| UPGRADING to +0 helmet.
   419 | D:1      | 419 ||| UPGRADING to +0 ring mail.
   429 | D:1      | 429 ||| DROPPING +0 leather armour.
   430 | D:1      | 430 ||| READING 2 scrolls labelled NUBOEG RASUM FATZ.
   431 | D:1      | 431 ||| READING scroll labelled NOURIB NEOTE.
   434 | D:1      | 434 ||| READING 2 scrolls labelled POUNOSKISYNK.
   434 | D:1      | 434 ||| IDENTIFYING scroll labelled FYEDER SETITS
   435 | D:1      | 435 ||| READING scroll of enchant weapon.
   435 | D:1      | 435 ||| ENCHANTING +0 shortbow.
   436 | D:1      | 436 ||| READING scroll of identify.
   436 | D:1      | 436 ||| IDENTIFYING scroll labelled RANWAZ MALOIKU
   437 | D:1      | 437 ||| DROPPING scroll of butterflies.
   438 | D:1      | 438 ||| DROPPING scroll of fog.
   439 | D:1      | 439 ||| DROPPING scroll of vulnerability.
   454 | D:2      | Found a sacrificial altar of Ru.
   610 | D:2      | Reached XP level 3. HP: 19/21 MP: 3/3
   669 | D:2      | Reached skill level 1 in Armour
  1105 | D:2      | Reached skill level 5 in Ranged Weapons
  1112 | D:2      | 1112 ||| FLEEEEING.
  1276 | D:2      | 1276 ||| READING scroll labelled JASOVE MITYDASK.
  1276 | D:2      | 1276 ||| BRANDING +1 shortbow.
  1277 | D:2      | 1277 ||| READING scroll labelled LAXANA NASSUHI.
  1345 | D:3      | Found a snail-covered altar of Cheibriados.
  1356 | D:3      | Noticed Sigmund
  1360 | D:3      | HP: 5/22 [Sigmund/puff of flame (11)]
  1365 | D:3      | HP: 2/22 [something (3)]
  1365 | D:3      | Slain by Sigmund

Levels and vault maps discovered:
D:1:      spicycebolla_green_bress_n_ham_2, layout_rooms,
          shapermc_ecumenical_altar_rom_forum, st_stairs_11
D:2:      layout_basic, serial_glass, glass_columns_c, glass_columns_b,
          basic_altar, dreamdust_princess_corridor, kennysheep_crisscross,
          minmay_shallow_snake_nest
D:3:      layout_basic, kennysheep_orc_sif_temple,
          nicolae_overflow_hidden_temple, mainiacjoe_overflow_tiny_flanked,
          minmay_misc_feat_rugged, roderic_three_in_a_row, uniq_sigmund

Skill      XL: |  1  2  3 |
---------------+----------+-----
Armour         | 1 |  1.1
Ranged Weapons | 5 |  5.0
Fighting       | |  2.3
Dodging        | |  1.5
Stealth        | |  1.1

Action                     || total
---------------------------++-------
   Fire: Shortbow          ||   104
    Use: Scroll            ||     7
 Armour: Ring mail         ||    29
         Leather armour    ||     5
  Dodge: Dodged            ||    38

Table legend:
 A = Non-vault XP
 B = Vault XP
 C = Vault XP percentage of total XP
 D = Non-vault monster count
 E = Vault monster count
 F = Vault count percentage of total count
                 A         B        C        D         E       F
            +---------+---------+-------+---------+---------+-------
      Total |      42 |      26 |  38.2 |      25 |      10 |  28.6
            +---------+---------+-------+---------+---------+-------
        D:1 |      24 |       5 |  17.2 |      16 |       3 |  15.8
        D:2 |      15 |      21 |  58.3 |       7 |       7 |  50.0
        D:3 |       3 |       0 |   0.0 |       2 |       0 |   0.0
            +---------+---------+-------+---------+---------+-------
